AoeStats
← KOSOVAR

Arabian Desert

510108343Analyzed
1v1 RM · 4d ago on Sep 29, 2026· 42m 46s· 2 players
Game mode
Random Map
Map size
Tiny (2 player)
Population
200
Speed
Normal
Resources
Standard
Victory
Conquest
Starting age
Dark Age
Ending age
Imperial Age
RankedLock teamsTeams togetherTeam positionsShared explorationLock speedFull tech treeHidden civsTurbo modeCheats
Victory
Defeat
🇪🇸 Mongols · Spain
634
+13
🇪🇸 Slavs · Spain
562
-24
KOSOVAR
6:16 Loom
10:00 Feudal Age
10:42 Double-Bit Axe
15:36 Bloodlines
21:25 Castle Age
20:12 Fletching
20:41 Stone Mining
20:39 Horse Collar
21:53 Gold Mining
25:22 Wheelbarrow
27:42 Bow Saw
28:29 Bodkin Arrow
28:34 Padded Archer Armor
31:01 Ballistics
35:29 Imperial Age
33:41 Husbandry
34:19 Hand Cart
37:08 Conscription
37:58 Chemistry
37:05 Siege Engineers
38:34 Elite Mangudai
39:37 Bracer
41:18 Drill
40:22 Onager
Misio443885
6:42 Loom
11:37 Feudal Age
26:12 Castle Age
24:50 Bloodlines
26:38 Scale Barding Armor
26:52 Double-Bit Axe
26:52 Horse Collar
33:33 Pikeman
34:30 Forging
35:43 Wheelbarrow
35:22 Bow Saw
35:18 Heavy Plow
36:07 Husbandry
36:33 Chain Barding Armor
40:46 Fletching
41:32 Iron Casting
Connection lost

Rejoining the realm…

Still unreachable

The connection could not be restored.

Session expired

The server has moved on; the page needs a fresh start.